 Dungeon Crawl Stone Soup version 0.26.1-11-gd32895ea62 (webtiles) character file.

Game seed: 2045325552049606971

1184 promet the Skirmisher (level 8, -2/71 HPs)
             Began as a Minotaur Fighter on June 29, 2021.
             Was an Initiate of Okawaru.
             Succumbed to a gnoll sergeant's poison
             ... on level 4 of the Dungeon.
             The game lasted 00:29:31 (4986 turns).

promet the Skirmisher (Minotaur Fighter)            Turns: 4986, Time: 00:29:32

Health: -2/71      AC:  9    Str: 23    XL:     8   Next: 19%
Magic:  7/7        EV: 11    Int:  7    God:    Okawaru [......]
Gold:   216        SH: 10    Dex: 10    Spells: 7/7 levels left

rFire    x . .     SeeInvis .   a - +0 long sword
rCold    + . .     Faith    .   c - +0 kite shield
rNeg     . . .     Spirit   .   p - +3 leather armour
rPois    .         Reflect  .   (helmet unavailable)
rElec    .         Harm     .   (no cloak)
rCorr    .         Rampage  .   j - +0 pair of gloves
Will     .....                  l - +0 pair of boots
Stlth    +.........             (no amulet)
HPRegen  0.21/turn              t - ring of ice
MPRegen  0.10/turn              (no ring)

@: lethally poisoned (-2 -> -52)
A: retaliatory headbutt, horns 3, blink, strong 1, MP-powered wands
a: Blink, Renounce Religion


You were on level 4 of the Dungeon.
You worshipped Okawaru.
Okawaru was noncommittal.
You visited 2 branches of the dungeon, and saw 5 of its levels.

You collected 216 gold pieces.

Inventory:

Hand Weapons
 a - a +0 long sword (weapon)
 b - a +0 hunting sling
 n - a +0 flail
 r - a +2 spear of venom
Missiles
 h - 168 stones
 i - 8 atropa-tipped darts (quivered)
 s - a throwing net
Armour
 c - a +0 kite shield (worn)
 j - a +0 pair of gloves (worn)
 l - a +0 pair of boots (worn)
 p - a +3 leather armour (worn)
Jewellery
 t - a ring of ice (left hand)
Wands
 g - a wand of iceblast (7)
Scrolls
 k - 3 scrolls of remove curse
 o - a scroll of identify
Potions
 d - a potion of might
 e - a potion of haste


   Skills:
 * Level 6.9 Fighting
 + Level 6.3 Long Blades
 + Level 1.6(1.8) Slings
 + Level 0.7(1.2) Throwing
 + Level 5.2 Armour
 + Level 3.1 Dodging
 + Level 1.1 Stealth
 + Level 6.3 Shields


You had 7 spell levels left.
You didn't know any spells.
Your spell library was empty.

Dungeon Overview and Level Annotations

Branches:
Dungeon (4/15)             Temple (1/1) D:4

Altars:
Dithmenos
Elyvilon
Hepliaklqana
Makhleb
Nemelex Xobeh
Okawaru
Sif Muna
Wu Jian
Xom
Yredelemnul
Zin
The Shining One


Innate Abilities, Weirdness & Mutations

You reflexively headbutt those who attack you in melee.
You have a pair of large horns on your head.
You can translocate small distances at will.
Your muscles are strong. (Str +2)
You expend magic power (3 MP) to strengthen your wands.


Message History

The gnoll shaman hits you with a +0 whip.
* * * LOW HITPOINT WARNING * * *
The gnoll sergeant hits you from afar with a +2 spear of venom.
* * * LOW HITPOINT WARNING * * *
You are more poisoned.
You see here 2 stones.
* * * LOW HITPOINT WARNING * * *
You feel very sick.
There is a huge open gate here.
* * * LOW HITPOINT WARNING * * *
You feel very sick.
The gnoll shaman calls upon its god to heal the gnoll sergeant.
The gnoll sergeant's wounds heal themselves!
Your surroundings suddenly seem different.
* * * LOW HITPOINT WARNING * * *
You feel very sick.
Okay, then.
As you read the scroll labelled CIGIT GYTOVAN, it crumbles to dust.
The scroll dissolves into smoke.
It was a scroll of fog.
You die...

###########
#......##.##
#......#.#.#####
#.####..###.##.######
#.##§§§## ##.........
#.##@#.†###.##.######
#.##§#.#.#.###.#
#..§§§.##.####.####
####.####.........#
#.############.#
#.......# #....#
#.......###.##.###
##.................
#........##.##.#..#


There were no monsters in sight!

Vanquished Creatures
  Eustachio (D:4)
  An orc warrior (D:4)
  2 ogres (D:4)
  A necrophage (D:4)
  A bullfrog (D:4)
  2 scorpions
  2 gnoll shamans (D:4)
  An orc priest (D:4)
  A bullfrog skeleton (D:4)
  Ijyb (D:4)
  An orc wizard (D:4)
  A hound skeleton (D:4)
  22 gnolls
  4 adders
  2 oozes
  An adder skeleton (D:4)
  A worm (D:2)
  A leopard gecko (D:3)
  7 orcs
  7 bats
  5 giant cockroaches
  9 goblins
  3 hobgoblins
  17 jackals
  A quokka (D:4)
  7 frilled lizards
  4 kobolds
  6 rats
112 creatures vanquished.

Vanquished Creatures (others)
  A gnoll (D:4)
  3 plants (D:4)
4 creatures vanquished.

Grand Total: 116 creatures vanquished

Notes
Turn   | Place    | Note
-------+----------+-------------------------------------------
     0 | D:1      | promet the Minotaur Fighter began the quest for the Orb.
     0 | D:1      | Reached XP level 1. HP: 19/19 MP: 0/0
   349 | D:1      | Reached XP level 2. HP: 27/27 MP: 1/1
   940 | D:2      | You fall into a shaft and drop 2 floors!
   958 | D:4      | Reached XP level 3. HP: 31/33 MP: 2/2
   960 | D:4      | Noticed a scorpion
   975 | D:3      | Killed a scorpion
   976 | D:3      | Reached XP level 4. HP: 19/40 MP: 3/3
  1493 | D:2      | You fall into a shaft and drop 2 floors!
  1753 | D:2      | Reached XP level 5. HP: 47/47 MP: 4/4
  2028 | D:2      | You fall into a shaft and drop 2 floors!
  2028 | D:4      | Found a glowing golden altar of the Shining One.
  2028 | D:4      | Noticed a necrophage
  2035 | D:4      | Killed a necrophage
  2036 | D:4      | Reached skill level 5 in Fighting
  2036 | D:4      | Reached skill level 1 in Dodging
  2036 | D:4      | Reached skill level 5 in Shields
  2042 | D:4      | Noticed Eustachio
  2065 | D:4      | Killed Eustachio
  2066 | D:4      | Reached skill level 5 in Armour
  2066 | D:4      | Reached XP level 6. HP: 45/56 MP: 5/5
  2448 | D:4      | Found a staircase to the Ecumenical Temple.
  2473 | D:4      | Reached XP level 7. HP: 35/62 MP: 6/6
  2639 | Temple   | Entered the Ecumenical Temple
  3015 | Temple   | Became a worshipper of Warmaster Okawaru
  3135 | D:4      | Reached skill level 5 in Long Blades
  3942 | D:4      | Reached skill level 1 in Stealth
  4146 | D:4      | Reached XP level 8. HP: 70/70 MP: 7/7
  4172 | D:4      | Identified the +1 robe of Responsibility {rPois rF+}
  4208 | D:4      | Reached skill level 1 in Slings
  4934 | D:4      | Noticed Ijyb
  4941 | D:4      | Killed Ijyb
  4980 | D:4      | Gained mutation: You can translocate small distances at
                  | will. [potion of mutation]
  4980 | D:4      | Gained mutation: You have a pair of large horns on your
                  | head. [potion of mutation]
  4980 | D:4      | Gained mutation: Your muscles are strong. (Str +2) [potion
                  | of mutation]
  4980 | D:4      | Gained mutation: You expend magic power (3 MP) to
                  | strengthen your wands. [potion of mutation]
  4985 | D:4      | HP: 2/71 [poisoned by a gnoll sergeant]
  4986 | D:4      | Succumbed to a gnoll sergeant's poison

Illustrated notes

Levels and vault maps discovered:
D:1:      evilmike_arrival_plus, layout_basic, minmay_misc_feat_roman
D:2:      layout_basic
D:3:      layout_loops_ring, minmay_misc_feat_secret_circle
D:4:      lemuel_castle_with_subvaults [lemuel_castle_interior_carwin_1],
          layout_loops_cross, marbit_many_paths, minmay_temple_entry_ruins,
          guppyfry_early_orc_mine, uniq_eustachio, uniq_edmund, uniq_ijyb
Temple:   grunt_temple_mini_profane

Skill      XL: |  1  2  3  4  5  6  7  8 |
---------------+-------------------------+-----
Armour         | 4 5 |  5.2
Shields        | 4 5 6 |  6.3
Fighting       | 4 5 6 |  6.9
Long Blades    | 3 4 6 |  6.3
Dodging        | 1 2 3 |  3.1
Stealth        | 1 |  1.1
Slings         | 1 |  1.6
Throwing       | |  0.7

Action                   |  1- 3 |  4- 6 |  7- 9 || total
-------------------------+-------+-------+-------++-------
Melee: Long sword        |    71 |   133 |   118 ||   322
       Headbutt          |     6 |    25 |    32 ||    63
 Fire: Hunting sling     |       |     6 |    58 ||    64
Throw: Dart              |       |     3 |     6 ||     9
Evoke: Wand              |       |       |     2 ||     2
  Use: Scroll            |     4 |     2 |     2 ||     8
       Potion            |     1 |     5 |     3 ||     9
Armor: Scale mail        |    34 |    45 |       ||    79
       Leather armour    |       |     7 |    25 ||    32
Dodge: Dodged            |    25 |    54 |    45 ||   124
Block: Kite shield       |    40 |   100 |    59 ||   199
       Rpst.: Long sword |     5 |    16 |    10 ||    31
